 Dungeon Crawl Stone Soup version 0.26-a0-610-g3e9335bbc7 (webtiles) character file.

Game seed: 11932297226413133255

364 ANON1729 the Ducker (level 6, -5/24 HPs)
             Began as a Felid Chaos Knight on Sept 3, 2020.
             Was a Plaything of Xom.
             Slain by an iguana (8 damage)
             ... on level 6 of the Dungeon.
             The game lasted 00:15:42 (8159 turns).

ANON1729 the Ducker (Felid Chaos Knight)            Turns: 8159, Time: 00:15:42

Health: -5/24      AC:  2    Str:  6    XL:     6   Next: 39%
Magic:  10/10      EV: 22    Int: 15    God:    Xom [......]
Gold:   429        SH:  0    Dex: 18    Spells: 9/9 levels left
                                        Lives:  0   Deaths: 2

rFire    . . .     SeeInvis +     - Unarmed
rCold    . . .     Faith    .   (shield unavailable)
rNeg     . . .     Spirit   .   (armour unavailable)
rPois    .         Reflect  .   (helmet unavailable)
rElec    .         Harm     .   (cloak unavailable)
rCorr    .                      (gloves unavailable)
MR       .....                  (boots unavailable)
Stlth    ++++......             (no amulet)
HPRegen  0.08/turn              b - ring of flight
MPRegen  0.12/turn              (no ring)

@: flying, quick
A: very small, no armour, no weapons or thrown items, stealth, antennae 1, claws
1, fangs 3, thin skeletal structure 1, see invisible, speed 1, frail 2,
screaming 1, shaggy fur 2, weak 1, sharp paws
a: Renounce Religion


You were on level 6 of the Dungeon.
You worshipped Xom.
You were a very special plaything of Xom.
You visited 1 branch of the dungeon, and saw 6 of its levels.

You collected 429 gold pieces.

Inventory:

Missiles
 a - 123 stones
Jewellery
 b - a ring of flight (left paw)
Wands
 d - a wand of disintegration (4)
 h - a wand of digging (3)
Scrolls
 c - a scroll of fog
 e - a scroll of fear {unknown}
 g - 3 scrolls of remove curse
 i - 2 scrolls of enchant weapon {unknown}
 n - a scroll of amnesia {unknown}
 o - 5 scrolls of identify {unknown}
 q - 4 scrolls of immolation {unknown}
 r - 3 scrolls of teleportation {unknown}


   Skills:
 + Level 5.2 Fighting
 + Level 6.3 Dodging
 + Level 3.4 Stealth
 * Level 5.7 Unarmed Combat
 + Level 2.0 Spellcasting
 + Level 2.5 Evocations


You had 9 spell levels left.
You didn't know any spells.
Your spell library contained the following spells:

 Spells                   Type           Power        Failure   Level
 Magic Dart               Conj           #...         22%         1
 Blink                    Tloc           N/A          32%         2
 Call Imp                 Summ           #.......     32%         2
 Slow                     Hex            #.......     32%         2
 Confusing Touch          Hex            #.......     54%         3
 Conjure Flame            Conj/Fire      #.......     54%         3
 Gell's Gravitas          Tloc           #.........   54%         3
 Mephitic Cloud           Conj/Pois/Air  #.......     54%         3
 Petrify                  Tmut/Erth      #.......     91%         4
 Metabolic Englaciation   Hex/Ice        #.........   99%         5
 Yara's Violent Unravell  Hex/Tmut       #.........   99%         5


Dungeon Overview and Level Annotations

Branches:
Dungeon (6/15)             Temple (0/1) D:5

Altars:
Nemelex Xobeh
Qazlal
Trog
Uskayaw
Wu Jian
Zin
The Shining One


Innate Abilities, Weirdness & Mutations

You cannot wear armour.
You are incapable of wielding weapons or throwing items.
Your paws allow you to move quietly. (Stealth)
You have sharp claws.
You have razor-sharp teeth.
You have supernaturally acute eyesight. (SInv)
You cover ground quickly.
You are covered in thick fur. (AC +2)
Your sharp claws are effective at attacking unaware monsters.
You have a pair of small antennae on your head.
You have a somewhat thin skeletal structure. (Dex +2, Stealth)
You are very frail. (-20% HP)
You occasionally shout uncontrollably at your foes.
You are weak. (Str -2)


Message History

You fly up into the air.
The centaur unwields a +0 shortbow.
The centaur hits you!
The centaur wields a +0 shortbow.
The centaur shoots an arrow.
The arrow completely misses you.
The centaur unwields a +0 shortbow.
The centaur hits you.
* * * LOW HITPOINT WARNING * * *
The iguana completely misses you.
The centaur wields a +0 shortbow.
The centaur shoots an arrow.
The arrow misses you.
You feel less confused.
The centaur shoots an arrow.
The arrow closely misses you.
You aren't carrying any potions.
Unknown command.
As you read the scroll labeled LUIGEM FUEKH, it crumbles to dust.
The scroll dissolves into smoke.
It was a scroll of fog.
You reach down and open the door.
A black bear comes into view.
The iguana bites you!
You die...
Xom howls with laughter!

, ,,, ,,, ,,,......_...#,
## , , *,,,,,,
.....⌠.⌠..#,...# * , **
*, ,., ........#.##.#.# *
+ ,,,..,*..#[...........
,
,*,...*.....((.#(##.###,
, ,,*
......#h#..(........,* ,
,,,,.....,#.#........###*
* * * ......#'#........#
, ,,*,.......@l§#....(.#
** ,,
,*,.###...§c§§...(..# ,
,, ,, ,
.......§§§#{.....# * * ,,
,..###+#)§§§......# *, ,
* ,,,,,. ....#....<...#
*,* ,,,,
,,++....#.#......# , , ,
, ,,,, #....#.##†#+#.# *
, , ,,,,,.........)...#.#
*,* , , ,,,
,........#.#.##.# ,*


You could see a black bear (wandering), a centaur and an iguana.

Vanquished Creatures
  A sky beast (D:5)
  2 phantoms (D:5)
  A centaur (D:6)
  Blork the orc (D:4)
  A howler monkey (D:5)
  A hound (D:4)
  A jelly (D:5)
  An iguana (D:5)
  3 worker ants
  2 gnolls (D:5)
  8 adders
  A shadow imp (D:5)
  2 white imps (D:5)
  An ufetubus (D:4)
  2 oozes
  2 worms (D:2)
  A dart slug (D:1)
  A leopard gecko (D:1)
  3 orcs
  7 giant cockroaches
  8 goblins
  6 hobgoblins
  7 jackals
  6 kobolds
  3 ball pythons
  6 bats
  6 frilled lizards
  A quokka skeleton (D:5)
  3 rats
88 creatures vanquished.

Vanquished Creatures (collateral kills)
  A centaur (D:5)
  An orc priest (D:5)
  2 orc wizards (D:5)
  9 gnolls
  5 orcs
18 creatures vanquished.

Vanquished Creatures (others)
  A plant (D:5)
1 creature vanquished.

Grand Total: 107 creatures vanquished

Notes
Turn   | Place    | Note
-------+----------+-------------------------------------------
     0 | D:1      | ANON1729 the Felid Chaos Knight began the quest for the
                  | Orb.
     0 | D:1      | Reached XP level 1. HP: 10/10 MP: 2/2
   229 | D:1      | XOM: silly message
   244 | D:1      | Reached XP level 2. HP: 14/14 MP: 3/3
   306 | D:1      | XOM: butterfly on damage
   486 | D:1      | XOM: silly message
   541 | D:1      | XOM: silly message
   656 | D:1      | XOM: noise
   967 | D:2      | Reached XP level 3. HP: 17/17 MP: 4/4
  1048 | D:2      | Reached skill level 4 in Dodging
  1050 | D:2      | XOM: silly message
  1248 | D:2      | XOM: silly message
  1256 | D:2      | You fall into a shaft and drop 1 floor!
  1395 | D:1      | XOM: silly message
  1476 | D:1      | XOM: divination: detect creatures
  1837 | D:2      | XOM: cast spell 'Summon Mana Viper'
  1998 | D:2      | XOM: 3-stop teleportation journey
  2064 | D:2      | Found a stormy altar of Qazlal.
  2326 | D:2      | Reached XP level 4. HP: 17/22 MP: 5/5
  2563 | D:2      | XOM: fake destruction
  2569 | D:2      | XOM: scenery: summon butterflies
  2676 | D:2      | XOM is BORED!
  3220 | D:3      | Found a bloodstained altar of Trog.
  3282 | D:3      | XOM: stat loss: -1 Dex (14/15)
  3313 | D:3      | XOM: give mutations
  3313 | D:3      | Gained mutation: You occasionally shout uncontrollably at
                  | your foes. [Xom's mischief]
  3313 | D:3      | Gained mutation: You are clumsy. (Dex -2) [Xom's mischief]
  3499 | D:4      | XOM: stat loss: -1 Str (7/8)
  3507 | D:4      | XOM: god gift: hunting sling {god gift}
  3552 | D:3      | XOM: silly message
  3735 | D:3      | XOM: summons 2 hostile shadow creatures
  3756 | D:3      | XOM: enchant monster (bad)
  4043 | D:3      | XOM: swap monsters
  4046 | D:3      | Reached XP level 5. HP: 25/25 MP: 6/6
  4134 | D:4      | Reached skill level 5 in Dodging
  4310 | D:4      | XOM: give mutations
  4310 | D:4      | Lost mutation: You are clumsy. (Dex -2) [Xom's grace]
  4310 | D:4      | Gained mutation: You have a pair of small antennae on your
                  | head. [Xom's grace]
  4310 | D:4      | Gained mutation: You have a somewhat thin skeletal
                  | structure. (Dex +2, Stealth) [Xom's grace]
  4310 | D:4      | Gained mutation: You have a pair of antennae on your head.
                  | [Xom's grace]
  4436 | D:4      | XOM: give mutation
  4436 | D:4      | Gained mutation: You are weak. (Str -2) [Xom's mischief]
  4574 | D:4      | XOM: silly message
  4873 | D:4      | Noticed Blork the orc
  4886 | D:4      | Killed Blork the orc
  4886 | D:4      | Gained mutation: You are covered in thick fur. (AC +2)
                  | [Felid growth]
  4886 | D:4      | Reached XP level 6. HP: 18/29 MP: 3/7
  4926 | D:4      | Reached skill level 1 in Stealth
  4997 | D:4      | XOM: confusion (+ monsters)
  5028 | D:4      | XOM: scenery: summon butterflies
  5325 | D:4      | XOM: potion effect (brilliance)
  5357 | D:4      | XOM: cast spell 'Summon Ice Beast'
  5568 | D:4      | XOM: summons 3 hostile shadow creatures
  5589 | D:3      | XOM: stat loss: -1 Dex (15/18)
  5749 | D:4      | XOM: silly message
  5822 | D:4      | Found a glowing golden altar of the Shining One.
  6032 | D:5      | Entered Level 5 of the Dungeon
  6097 | D:4      | XOM: give mutations
  6097 | D:4      | Gained mutation: You are frail. (-10% HP) [Xom's mischief]
  6097 | D:4      | Gained mutation: You are very frail. (-20% HP) [Xom's
                  | mischief]
  6097 | D:4      | Lost mutation: You have a pair of antennae on your head.
                  | [Xom's mischief]
  6100 | D:5      | XOM: summons 4 hostile demons
  6101 | D:5      | Noticed an orange demon
  6101 | D:5      | Noticed a hellwing
  6410 | D:5      | XOM: confusion (+ monsters)
  6411 | D:5      | XOM: god gift: great mace {god gift}
  6427 | D:5      | Reached skill level 1 in Evocations
  6484 | D:5      | XOM: summons friendly sixfirhy
  6555 | D:5      | Found a staircase to the Ecumenical Temple.
  6630 | D:5      | Reached skill level 1 in Spellcasting
  6742 | D:5      | XOM: 1-stop teleportation journey
  6845 | D:5      | XOM: scenery: summon butterflies
  6849 | D:5      | XOM: fake destruction
  6867 | D:5      | XOM: enchant monster (bad)
  6873 | D:5      | Killed from afar by a shadow imp
  6874 | D:5      | Reached XP level 5. HP: -12/20 MP: 7/7
  7024 | D:5      | Noticed a phantom
  7073 | D:5      | XOM: confusion (+ monsters)
  7075 | D:5      | XOM: confusion (+ monsters)
  7085 | D:5      | XOM: summons friendly shadow imp
  7088 | D:5      | XOM: summons friendly quasit
  7097 | D:5      | Killed a phantom
  7097 | D:5      | Reached skill level 5 in Unarmed Combat
  7097 | D:5      | Reached XP level 6. HP: 24/24 MP: 8/8
  7202 | D:5      | XOM: polymorph shadow imp -> iron imp
  7228 | D:5      | Noticed a sky beast
  7264 | D:5      | Killed a sky beast
  7264 | D:5      | Reached skill level 6 in Dodging
  7412 | D:5      | XOM: noise
  7505 | D:5      | XOM: noise
  7506 | D:5      | XOM: divination: magic mapping
  7507 | D:5      | XOM: confuse monster(s)
  7511 | D:5      | Reached skill level 5 in Fighting
  7541 | D:5      | Found an ornate altar of the Wu Jian Council.
  7554 | D:5      | Found a hide-covered altar of Uskayaw.
  7555 | D:5      | Found a glowing silver altar of Zin.
  7615 | D:5      | Reached XP level 7. HP: 25/26 MP: 10/10
  7668 | D:6      | XOM: noise
  7767 | D:5      | XOM: enchant monster (good)
  7772 | D:5      | XOM: confuse monster(s)
  7809 | D:5      | XOM: silly message
  8006 | D:5      | XOM: cloud trail
  8121 | D:6      | XOM: divination: magic mapping
  8138 | D:6      | Shot with an arrow by a centaur
  8139 | D:6      | Reached XP level 6. HP: 0/24 MP: 10/10
  8139 | D:6      | Found a sparkling altar of Nemelex Xobeh.
  8145 | D:6      | XOM: confusion
  8159 | D:6      | Slain by an iguana

Illustrated notes

Levels and vault maps discovered:
D:1:      saegor_arrival_simple_b, layout_rooms
D:2:      layout_loops_ring, lemuel_doored_altar, minmay_puff
D:3:      layout_rooms, lemuel_coloured_pillars_altar
D:4:      layout_layer_cave, tso_altar, uniq_blork_the_orc
D:5:      layout_rooms, minitemple, minmay_temple_entry_mist,
          minmay_stone_trees_small, corexii_item_surrounded_by_moat,
          serial_bayou_pond_d
D:6:      layout_basic, nicolae_overflow_crystal_walls,
          nemelex_xobeh_ov_fountains_minmay, ebering_ghost_rock_garden

Skill      XL: |  1  2  3  4  5  6  7 |
---------------+----------------------+-----
Dodging        | 4 5 6 |  6.3
Fighting       | 4 5 |  5.2
Unarmed Combat | 4 5 |  5.7
Stealth        | 2 1 3 |  3.4
Evocations     | 2 |  2.5
Spellcasting   | 1 2 |  2.0

Action                   |  1- 3 |  4- 6 |  7- 9 || total
-------------------------+-------+-------+-------++-------
Melee: Unarmed           |   140 |   255 |    44 ||   439
       Bite              |     9 |    25 |     4 ||    38
       Punch             |     2 |     5 |     2 ||     9
Evoke: Wand              |       |    13 |       ||    13
  Use: Potion            |       |    11 |       ||    11
       Scroll            |       |     2 |       ||     2
 Stab: Sleeping          |     1 |     1 |       ||     2
       Confused          |       |     7 |       ||     7
Armor: Skin              |     9 |    12 |     1 ||    22
Dodge: Dodged            |   139 |   260 |    52 ||   451

Table legend: (Time is in decaauts)
 A = Elapsed time spent in this place.
 B = Non-inter-level travel time spent in this place.
 C = Inter-level travel time spent in this place.
 D = Time resting spent in this place.
 E = Time spent auto-exploring this place.
 F = Levels seen in this place.
 G = Mean time per level.
                   A        B        C        D        E       F      G
               +--------+--------+--------+--------+--------+-----+--------+
         Total |   7530 |   7381 |    149 |   4364 |   1770 |   6 | 1255.0 |
       Dungeon |   7530 |   7381 |    149 |   4364 |   1770 |   6 | 1255.0 |
               +--------+--------+--------+--------+--------+-----+--------+

Top non-repeatable levels by time:
     D:4: 2148 daAuts
     D:2: 1801 daAuts
     D:5: 1578 daAuts
     D:1: 1131 daAuts
     D:3: 830 daAuts
     D:6: 39 daAuts
